 Dungeon Crawl Stone Soup version 0.30-a0-335-ge5acde7520 (webtiles) character file.

Game seed: 17543587750263965770

19075 Lobster4 the Skirmisher (level 12, -3/106 HPs)
             Began as a Hill Orc Wanderer on Oct 30, 2022.
             Was a Priest of Qazlal.
             Slain by a cyan ugly thing (16 damage)
             ... on level 10 of the Dungeon.
             The game lasted 00:41:37 (12799 turns).

Lobster4 the Skirmisher (Hill Orc Wanderer)        Turns: 12799, Time: 00:41:37

Health: -3/106     AC: 10    Str: 17    XL:     12   Next: 65%
Magic:  18/18      EV: 14    Int:  9    God:    Qazlal [***...]
Gold:   512        SH:  4    Dex: 28    Spells: 13/13 levels left

rFire   . . .      SeeInvis .    b - +4 scimitar
rCold   . . .      Faith    .    (no shield)
rNeg    . . .      Spirit   .    J - +3 leather armour {Will+}
rPois   .          Reflect  .    (no helmet)
rElec   .          Harm     .    (no cloak)
rCorr   .          Rampage  .    c - +1 pair of gloves
Will    +....                    C - +0 pair of boots
Stlth   +.........               f - amulet of the acrobat
HPRegen 0.37/turn                U - +6 ring of dexterity
MPRegen 0.16/turn                F - +6 ring of dexterity

@: no status effects
A: no striking features
a: Renounce Religion, Upheaval, Elemental Force


You were on level 10 of the Dungeon.
You worshipped Qazlal.
Qazlal was most pleased with you.
You visited 2 branches of the dungeon, and saw 12 of its levels.

You collected 512 gold pieces.

Inventory:

Hand Weapons
 a - a +2 sling
 b - a +4 scimitar (weapon)
 o - the +5 falchion of Eternal Vigilance {vorpal, +Blink rF- MP+9 Dex+5}
   (You found it on level 11 of the Dungeon)

   It inflicts extra damage upon your enemies.
   Dex:       It affects your dexterity (+5).
   rF:        It makes you vulnerable to fire.
   MP:        It affects your magic capacity (+9).
   +Blink:    It lets you blink.
 z - a +2 short sword of speed
 H - a +3 morningstar
 L - a +0 war axe
 N - a +1 dagger of venom
 T - a +4 short sword
Missiles
 A - 9 curare-tipped darts
 B - 12 poisoned darts
 G - 3 throwing nets
 M - 3 javelins
Armour
 c - a +1 pair of gloves (worn)
 v - a +0 ring mail
 C - a +0 pair of boots (worn)
 J - a +3 leather armour of willpower (worn)
 P - a +4 scale mail
 X - a +2 leather armour of cold resistance
Jewellery
 f - an amulet of the acrobat (around neck)
 t - a ring of protection from fire
 E - a ring of ice
 F - a +6 ring of dexterity (right hand)
 Q - an amulet of faith
 U - a +6 ring of dexterity (left hand)
Wands
 k - a wand of quicksilver (4)
 l - a wand of polymorph (4)
 D - a wand of roots (17)
 K - a wand of charming (13)
 W - a wand of flame (9)
Scrolls
 d - a scroll of summoning {unknown}
 e - 2 scrolls of silence {unknown}
 g - 3 scrolls of blinking
 i - 2 scrolls of enchant weapon {unknown}
 p - 2 scrolls of enchant armour
 q - a scroll of brand weapon {unknown}
 r - a scroll of magic mapping {unknown}
 s - a scroll of torment {unknown}
 x - a scroll of fog
 y - 2 scrolls of fear {unknown}
 O - a scroll of teleportation
Potions
 h - 2 potions of resistance {unknown}
 m - 2 potions of curing
 n - 2 potions of magic
 u - 6 potions of brilliance
 w - 4 potions of haste
 I - 2 potions of cancellation
 R - a potion of lignification
 V - a potion of flight
Miscellaneous
 j - a lightning rod (4/4)
 S - a phantom mirror


   Skills:
 - Level 10.0 Fighting
 - Level 2.8(6.0) Short Blades
 + Level 9.1(9.3) Long Blades
 + Level 1.0 Maces & Flails
 - Level 2.1 Polearms
 + Level 11.4 Ranged Weapons
 - Level 1.0 Throwing
 + Level 7.3 Armour
 - Level 3.0 Dodging
 - Level 1.0 Spellcasting
 + Level 8.8 Invocations
 + Level 3.5 Evocations


You had 13 spell levels left.
You didn't know any spells.
Your spell library contained the following spells:

 Spells                   Type           Power      Damage    Failure   Level
 Sandblast                Erth           0%         2d4       38%         1
 Shock                    Conj/Air       0%         1d3       38%         1
 Summon Small Mammal      Summ           0%         N/A       38%         1
 Blink                    Tloc           0%         N/A       54%         2
 Ensorcelled Hibernation  Hex/Ice        0%         N/A       54%         2
 Passwall                 Tmut/Erth      0%         N/A       54%         2
 Call Canine Familiar     Summ           0%         N/A       77%         3
 Gell's Gravitas          Tloc           0%         N/A       77%         3
 Lesser Beckoning         Tloc           0%         N/A       77%         3
 Ozocubu's Armour         Ice            0%         N/A       77%         3
 Stone Arrow              Conj/Erth      0%         3d7       77%         3
 Summon Guardian Golem    Hex/Summ       0%         N/A       77%         3
 Swiftness                Air            0%         N/A       77%         3
 Teleport Other           Tloc           0%         N/A       77%         3
 Airstrike                Air            0%         2d(0-16)  99%         4
 Manifold Assault         Tloc           0%         N/A       99%         4
 Ozocubu's Refrigeration  Ice            0%         4d7       100%        7
 Storm Form               Tmut/Air       0%         N/A       100%        7


Dungeon Overview and Level Annotations

Branches:
Dungeon (11/15)            Temple (0/1) D:4            Lair (1/5) D:10
    Orc: D:9-12

Altars:
Fedhas
Hepliaklqana
Kikubaaqudgha
Makhleb
Nemelex Xobeh
Qazlal
Sif Muna
Uskayaw
Vehumet

Shops:
D:3 !   D:5 (   D:10 :(*

Annotations:
D:6 3 runed translucent doors, Darkkill's ghost, novice MiHu
D:7 2 transporters, exclusion: oklob plant, hgbash's ghost, amateur DsIE


Message History

The cyan ugly thing tail-slaps you. The cyan ugly thing shocks you!
You climb upwards.
There is a stone staircase leading down, spattered with blood here.
You hit the cyan ugly thing.
The cyan ugly thing is lightly wounded.
The cyan ugly thing tail-slaps you but does no damage.
You slash the cyan ugly thing!
You punch the cyan ugly thing, but do no damage.
The cyan ugly thing is moderately wounded.
The cyan ugly thing tail-slaps you. The cyan ugly thing shocks you!
You hit the cyan ugly thing.
The cyan ugly thing is moderately wounded.
The cyan ugly thing completely misses you.
You slash the cyan ugly thing!
The cyan ugly thing is heavily wounded.
The cyan ugly thing barely misses you.
You hit the cyan ugly thing.
The cyan ugly thing is heavily wounded.
The cyan ugly thing tail-slaps you but does no damage.
You closely miss the cyan ugly thing.
The cyan ugly thing is heavily wounded.
You slice the cyan ugly thing!!
The cyan ugly thing is severely wounded.
You block the cyan ugly thing's attack.
You barely miss the cyan ugly thing.
The cyan ugly thing is severely wounded.
The cyan ugly thing tail-slaps you but does no damage.
You slash the cyan ugly thing!
The cyan ugly thing is almost dead.
The cyan ugly thing closely misses you.
You hit the cyan ugly thing.
The cyan ugly thing is almost dead.
The cyan ugly thing tail-slaps you! The cyan ugly thing shocks you!
* * * LOW HITPOINT WARNING * * *
You hit the cyan ugly thing.
The cyan ugly thing is almost dead.
The cyan ugly thing tail-slaps you.
* * * LOW HITPOINT WARNING * * *
The cyan ugly thing shocks you!
You die...

#### ######## ########## ...#
#......# #........#### ...#
#......# #........#... ...#
#......# #........#... ...#
#......# #........#...
...#####......#######........#...
..............#.°°..#........####
###...........#○@(..'........#
..#...........#u)†..#.[......#
..#...........#.....#........#
..#...........#.....#........#
..#...........#.....#........####
..'...........#.....#............
.##...........#######............
.##########'##...................
.#......+....#...................


You could see a cyan ugly thing.

Vanquished Creatures
  Harold (D:10)
  Erolcha (D:9)
  3 two-headed ogres
  An ugly thing (D:10)
  Psyche (D:9)
  A kobold demonologist (D:10)
  An unseen horror zombie (D:8)
  3 trolls
  Grinder (D:3)
  Sigmund (D:4)
  2 shadows
  10 yaks
  5 wyverns
  2 steam dragons
  2 swamp worms (D:7)
  A water moccasin (D:5)
  3 orc warriors
  A black bear (D:10)
  2 hornet zombies (D:8)
  A sky beast (D:8)
  A centaur (D:10)
  3 ogres (D:6)
  A phantom (D:7)
  4 kobold brigands
  2 necrophages
  A wyvern zombie (D:8)
  3 bullfrogs
  2 scorpions
  11 wights
  3 howler monkeys
  An orc priest (D:9)
  2 hounds
  2 gnoll boudas
  6 iguanas
  Ijyb (D:5)
  8 orc wizards
  A killer bee zombie (D:8)
  A howler monkey zombie (D:8)
  7 gnolls
  6 adders
  A white imp (D:6)
  4 ufetubi
  3 worms
  3 dart slugs
  23 orcs
  3 endoplasms
  2 giant cockroaches (D:4)
  9 goblins
  9 hobgoblins
  9 jackals
  19 kobolds
  3 quokkas
  4 ball pythons
  3 bats
  2 frilled lizards
  8 rats
  A spectral goblin (D:6)
215 creatures vanquished.

Vanquished Creatures (others)
  7 fungi (D:10)
  7 plants
  4 withered plants (D:8)
18 creatures vanquished.

Grand Total: 233 creatures vanquished

Notes
Turn   | Place    | Note
-------+----------+-------------------------------------------
     0 | D:1      | Lobster4 the Hill Orc Wanderer began the quest for the Orb.
     0 | D:1      | Lobster4 set off with the following items: a +2 sling, a +0
                  | spear, a +0 pair of gloves, a potion of attraction, a +0
                  | leather armour.
     0 | D:1      | Reached XP level 1. HP: 16/16 MP: 1/1
   227 | D:1      | Reached XP level 2. HP: 23/23 MP: 2/2
   354 | D:1      | Reached skill level 3 in Ranged Weapons
   354 | D:1      | Reached XP level 3. HP: 29/29 MP: 3/3
   884 | D:2      | Found a faded altar of an unknown god.
  1476 | D:3      | Reached XP level 4. HP: 36/36 MP: 4/4
  1558 | D:3      | Reached skill level 1 in Short Blades
  1817 | D:3      | Reached XP level 5. HP: 42/42 MP: 5/5
  1831 | D:3      | Noticed Grinder
  1833 | D:3      | Paralysed by Grinder for 4 turns
  1918 | D:3      | Killed Grinder
  1919 | D:3      | Reached XP level 6. HP: 51/51 MP: 6/6
  1947 | D:3      | Found Boilem's Distillery.
  2208 | D:3      | Found a stormy altar of Qazlal.
  2231 | D:3      | Became a worshipper of Qazlal Stormbringer
  2319 | D:4      | HP: 2/46 [wight/+3 morningstar (1)]
  2331 | D:4      | Reached XP level 7. HP: 5/56 MP: 7/7
  2527 | D:4      | Noticed Sigmund
  2592 | D:4      | Found a staircase to the Ecumenical Temple.
  2619 | D:4      | Reached skill level 4 in Ranged Weapons
  2759 | D:4      | Reached skill level 1 in Long Blades
  2853 | D:4      | Killed Sigmund
  3511 | D:5      | Entered Level 5 of the Dungeon
  3601 | D:5      | Reached skill level 5 in Armour
  3601 | D:5      | Reached XP level 8. HP: 65/67 MP: 8/8
  3808 | D:5      | Found a blossoming altar of Fedhas.
  3846 | D:5      | Reached * piety under Qazlal
  3847 | D:5      | Reached skill level 5 in Fighting
  3878 | D:5      | Noticed Ijyb
  3883 | D:5      | Killed Ijyb
  3893 | D:5      | Reached skill level 5 in Ranged Weapons
  3961 | D:5      | Found Upra Xur's Weapon Emporium.
  4578 | D:6      | Reached skill level 6 in Ranged Weapons
  4666 | D:6      | Found a runed translucent gate.
  4667 | D:6      | Found a runed translucent gate.
  4668 | D:6      | Found a runed translucent gate.
  4670 | D:6      | Noticed Darkkill's ghost (novice MiHu)
  4840 | D:6      | Found a hazy altar of Hepliaklqana.
  5140 | D:6      | Reached XP level 9. HP: 76/79 MP: 9/9
  5427 | D:7      | Noticed hgbash's ghost (amateur DsIE)
  5430 | D:7      | Found a transporter.
  5430 | D:7      | Noticed an oklob plant
  5473 | D:7      | Reached skill level 1 in Invocations
  5473 | D:7      | Reached skill level 1 in Evocations
  5479 | D:7      | Reached skill level 1 in Throwing
  5671 | D:7      | Found a transporter.
  5746 | D:7      | Reached skill level 1 in Spellcasting
  5752 | D:7      | Reached ** piety under Qazlal
  6634 | D:7      | Reached skill level 7 in Ranged Weapons
  6839 | D:7      | Found a sparkling altar of Nemelex Xobeh.
  6968 | D:8      | Noticed a +0 hand axe
  6968 | D:8      | Noticed a +0 hand axe
  6971 | D:8      | Found a hide-covered altar of Uskayaw.
  7057 | D:8      | Found a burning altar of Makhleb.
  7122 | D:8      | Found a shimmering blue altar of Sif Muna.
  7355 | D:8      | Found an ancient bone altar of Kikubaaqudgha.
  7404 | D:8      | Reached XP level 10. HP: 85/91 MP: 12/12
  7407 | D:8      | Reached skill level 8 in Ranged Weapons
  7971 | D:8      | Reached skill level 10 in Fighting
  8261 | D:8      | Noticed a two-headed ogre
  8274 | D:8      | Killed a two-headed ogre
  8638 | D:8      | Reached *** piety under Qazlal
  9049 | D:9      | Noticed Erolcha
  9059 | D:9      | Killed Erolcha
  9060 | D:9      | Reached skill level 5 in Long Blades
  9060 | D:9      | Reached skill level 9 in Ranged Weapons
  9277 | D:9      | Noticed Psyche
  9324 | D:9      | Killed Psyche
  9445 | D:9      | Found a radiant altar of Vehumet.
  9950 | D:9      | Noticed a two-headed ogre
  9973 | D:9      | Killed a two-headed ogre
  9974 | D:9      | Reached XP level 11. HP: 99/99 MP: 13/13
 10101 | D:10     | Entered Level 10 of the Dungeon
 10399 | D:10     | Found Rahetukliw's Vocational Training.
 10552 | D:10     | Found Efoanuwk's Weapon Emporium.
 10554 | D:10     | Noticed Harold
 10571 | D:10     | Killed Harold
 10572 | D:10     | Reached skill level 10 in Ranged Weapons
 10681 | D:10     | Found Bolif's Assorted Antiques.
 11160 | D:10     | Reached skill level 5 in Invocations
 11223 | D:10     | Reached skill level 11 in Ranged Weapons
 11223 | D:10     | Reached XP level 12. HP: 106/106 MP: 14/18
 11316 | D:10     | Found a staircase to the Lair.
 11877 | D:11     | Identified the +5 falchion of Eternal Vigilance {vorpal,
                  | +Blink rF- MP+9 Dex+5}
 11961 | D:11     | Noticed a two-headed ogre
 11976 | D:11     | Killed a two-headed ogre
 12426 | Lair:1   | Entered Level 1 of the Lair of Beasts
 12785 | D:10     | Reached skill level 1 in Maces & Flails
 12799 | D:10     | Slain by a cyan ugly thing

Illustrated notes

Levels and vault maps discovered:
D:1:      lightli_arrival_statuegarden, layout_loops_ring
D:2:      layout_loops_ring, ebering_ecumenical_altar_petrified
D:3:      layout_basic, lemuel_crystal_altar, serial_shops, shop, uniq_grinder
D:4:      layout_loops_ring, minmay_temple_entry_ruins, minmay_box_of_dots,
          uniq_sigmund
D:5:      layout_basic, kennysheep_mini_moat, serial_shops,
          nicolae_shop_behind_doors, minivault_5, uniq_ijyb
D:6:      layout_basic, nicolae_hepliaklqana_monster_ancestors,
          ebering_ghost_rock_garden, water_maze_lemuel
D:7:      layout_layer_cave, nemelex_spade_bored_becter, nzn_ghost_randoct,
          hex_medium, worms_lemuel
D:8:      layout_layer_cave, mainiacjoe_overflow_tiny_flanked,
          old_standard_altar, overflow_temple_1_default,
          dancing_weapons_uskayaw, serial_undead, serial_undead_c,
          serial_undead_d, serial_undead_d, serial_undead_c
D:9:      layout_gridville, nicolae_vehumet_radiance, uniq_erolcha, uniq_psyche
D:10:     layout_gridville, grunt_lair_entry_orc_guard_hut, serial_shops, shop,
          nicolae_stop_n_shop_1, glass_columns_a, nicolae_shop_vocational,
          uniq_harold
D:11:     layout_layer_cave, david_orc_5
Lair:1:   layout_cave_pods, hellmonk_ghost_happy_afterlife, special_room
          [special_room_bee], grunt_megastairs_2, uniq_erica

Skill      XL: |  1  2  3  4  5  6  7  8  9 10 11 12 |
---------------+-------------------------------------+-----
Fighting       | 2 3 4 7 9 10 | 10.0
Ranged Weapons | 3 4 6 7 9 11 | 11.4
Dodging        | 2 3 |  3.0
Armour         | 3 4 5 7 |  7.3
Short Blades   | 1 2 |  2.8
Long Blades    | 2 6 8 9 |  9.1
Invocations    | 3 8 |  8.8
Evocations     | 3 |  3.5
Throwing       | 1 |  1.0
Spellcasting   | 1 |  1.0
Maces & Flails | 1 |  1.0
Polearms       | |  2.1

Action                   |  1- 3 |  4- 6 |  7- 9 | 10-12 || total
-------------------------+-------+-------+-------+-------++-------
Melee: Short sword       |       |     5 |       |       ||     5
       Scimitar          |       |       |   167 |   217 ||   384
       Punch             |       |       |     3 |     6 ||     9
       Falchion          |       |       |       |     3 ||     3
 Fire: Sling             |   112 |    93 |   205 |   130 ||   540
Throw: Dart              |       |       |     4 |    26 ||    30
       Javelin           |       |       |     2 |     4 ||     6
Evoke: Wand              |       |       |       |     3 ||     3
  Use: Scroll            |     5 |     3 |     5 |     8 ||    21
       Potion            |       |     3 |     2 |     2 ||     7
Armor: Scale mail        |    28 |    31 |    35 |       ||    94
       Leather armour    |       |       |    47 |   104 ||   151
Dodge: Dodged            |    30 |    27 |   133 |   176 ||   366
Block: Other             |       |       |    13 |    34 ||    47

Table legend: (Time is in decaauts)
 A = Elapsed time spent in this place.
 B = Non-inter-level travel time spent in this place.
 C = Inter-level travel time spent in this place.
 D = Time resting spent in this place.
 E = Time spent auto-exploring this place.
 F = Levels seen in this place.
 G = Mean time per level.
                   A        B        C        D        E       F      G
               +--------+--------+--------+--------+--------+-----+--------+
         Total |  12909 |  12145 |    764 |   1603 |   7909 |  12 | 1075.8 |
       Dungeon |  12899 |  12135 |    764 |   1603 |   7909 |  11 | 1172.6 |
          Lair |      9 |      9 |      0 |      0 |      0 |   1 |    9.0 |
               +--------+--------+--------+--------+--------+-----+--------+

Top non-repeatable levels by time:
    D:10: 2086 daAuts
     D:8: 1848 daAuts
     D:7: 1602 daAuts
     D:9: 1505 daAuts
     D:4: 1036 daAuts
     D:3: 1009 daAuts
     D:6: 979 daAuts
     D:5: 930 daAuts
     D:2: 773 daAuts
     D:1: 746 daAuts
    D:11: 383 daAuts
  Lair:1: 9 daAuts
